 Dungeon Crawl Stone Soup version 0.28-a0-1389-gc726bef33b (webtiles) character file.

Game seed: 8008785498363856913

9118 fragbeetle the Basher (level 11, 0/107 HPs)
             Began as a Troll Berserker on Jan 3, 2022.
             Was a Priest of Trog.
             Slain by a killer bee (4 damage)
             ... on level 1 of the Lair of Beasts on Jan 4, 2022.
             The game lasted 00:34:37 (7918 turns).

fragbeetle the Basher (Troll Berserker)             Turns: 7918, Time: 00:34:37

Health: 0/107      AC:  8    Str: 30    XL:     11   Next: 18%
Magic:  10/10      EV: 11    Int:  7    God:    Trog [***...]
Gold:   451        SH:  0    Dex: 11    Spells: 10/10 levels left

rFire   . . .      SeeInvis .   l - +2 whip (distort)
rCold   . . .      Faith    .   r - orb {light}
rNeg    + + .      Spirit   .   J - +0 acid dragon scales
rPois   +          Reflect  .   (helmet restricted)
rElec   .          Harm     .   (no cloak)
rCorr   +          Rampage  .   (gloves unavailable)
Will    ++...                   (boots unavailable)
Stlth   +.........              p - amulet of the acrobat
HPRegen 2.07/turn               v - ring of Sicwassu {rPois rN++ Str+3}
MPRegen 0.12/turn               (no ring)

@: lethally poisoned (0 -> 0), strong-willed, regenerating, glowing
A: large, unfitting armour, claws 3, regeneration 1, shaggy fur 1, tough skin 1,
clever 1
a: Renounce Religion, Berserk, Trog's Hand


You were on level 1 of the Lair of Beasts.
You worshipped Trog.
Trog was most pleased with you.
You visited 3 branches of the dungeon, and saw 12 of its levels.

You collected 471 gold pieces.
You spent 20 gold pieces at shops.

Inventory:

Hand Weapons
 a - a +0 mace
 l - a +2 whip of distortion (weapon)
 m - a +0 hunting sling
 u - a +0 giant spiked club
 C - a +3 halberd of freezing
 E - a +2 rapier of speed
 I - a +0 giant club
Missiles
 j - 5 boomerangs (quivered)
 n - 3 javelins
 s - 7 throwing nets
 K - 14 poisoned darts
Armour
 r - an orb of light (worn)
 A - a +2 kite shield
 J - +0 acid dragon scales (worn)
Jewellery
 p - an amulet of the acrobat (around neck)
 v - the ring of Sicwassu (left claw) {rPois rN++ Str+3}
   (You found it on level 4 of the Dungeon)

   [ring of poison resistance]

   Str:       It affects your strength (+3).
   rPois:     It protects you from poison.
   rN:        It greatly protects you from negative energy.
 y - a ring of protection from cold
Wands
 b - a wand of iceblast (3)
 f - a wand of digging (8)
 H - a wand of paralysis (5)
Scrolls
 c - 2 scrolls of identify
 g - 4 scrolls of vulnerability
 h - a scroll of blinking
 o - 3 scrolls of immolation
 t - 4 scrolls of fear
 w - a scroll of teleportation
 B - 2 scrolls of fog
Potions
 d - a potion of mutation
 e - 2 potions of might {unknown}
 i - 2 potions of curing {unknown}
 k - 3 potions of haste
 q - 2 potions of heal wounds {unknown}
 x - a potion of lignification {unknown}
 z - a potion of degeneration {unknown}


   Skills:
 + Level 6.8 Fighting
 * Level 10.2 Maces & Flails
 + Level 6.4 Throwing
 + Level 2.4 Armour
 + Level 6.8 Dodging
 + Level 2.9 Evocations


You had 10 spell levels left.
You didn't know any spells.
Your spell library was empty.

Dungeon Overview and Level Annotations

Branches:
Dungeon (10/15)            Temple (1/1) D:4            Lair (1/6) D:10
    Orc: D:9-12

Altars:
Makhleb
Trog
Vehumet

Shops:
D:1 !   D:2 *[?   D:3 !   D:6 [=

Annotations:
D:6 exclusion: door
D:9 hive


Innate Abilities, Weirdness & Mutations

You are too large for most types of armour.
You have claws for hands.
Your natural rate of healing is unusually fast.
You are covered in fur. (AC +1)
You have tough skin. (AC +1)
Your mind is acute. (Int +2)


Message History

The killer bee barely misses you.
You hit the killer bee but do no damage.
Space warps horribly around the killer bee!
You kill the killer bee!
Trog accepts your kill.
You feel sick. The killer bee stings you.
* * * LOW HITPOINT WARNING * * *
The killer bee stings your black bear!
Okay, then.
You whack the killer bee!
The killer bee is heavily wounded.
The killer bee blinks!
You feel sick.
The killer bee stings you but does no damage.
You hear an angry buzzing noise.
You closely miss the killer bee.
You feel sick. The killer bee closely misses you.
Your ogre rages.
The killer bee barely misses you. The yak gores your ogre!!
You barely miss the killer bee.
You feel sick. The killer bee stings you!
* * * LOW HITPOINT WARNING * * *
The killer bee stings you but does no damage.
The killer bee stings you.
* * * LOW HITPOINT WARNING * * *
Your ogre hits the yak with a +0 giant spiked club!!!
The killer bee closely misses you.
The queen bee calls on the killer bee to defend it!
The killer bee goes berserk!
Your black bear bites the killer bee!
The killer bee dies!
Trog accepts your kill.
You barely miss the killer bee.
You feel sick. The killer bee stings you.
* * * LOW HITPOINT WARNING * * *
The killer bee stings you.
* * * LOW HITPOINT WARNING * * *
The killer bee stings you but does no damage.
The yak barely misses your ogre.
Your ogre barely misses the yak.
Unknown command.
It was a potion of mutation.
You feel extremely strange.
You feel clever.
You feel sick. The killer bee stings you.
You die...

##..........#* **,, #...........#
*,*, #........#..# **,,
####..........# **,
#.#...........# **,
###............Y# *,,
†...####.......O# *,, †.##.#
#.....h^.## *,, .#.*##
#.....†.y@## **, #*##
*#.......#yy## *##*####***,
******#........##..###.#.P...,,,,
,*,*,*###.....###..#.y.......,,,,
,,,,,,,*#....###...y.........,,,,
,,,,,,,......##.........#####**,,
,,,,,,.......#...##.....#,,,,,*,,
,,,,,,..................#,,,,,*,,
,,,,,,,,,,,............y.y,,,,*,,


You could see a yak (ally target), a queen bee, 3 killer bees, a friendly black
bear (summoned, berserk) and a friendly ogre (summoned, berserk).

Vanquished Creatures
  Harold (D:7)
  2 two-headed ogres (D:9)
  A troll (D:5)
  A hornet (D:10)
  Sigmund (D:6)
  10 yaks
  Eustachio (D:6)
  3 vampire mosquitoes
  Menkaure (D:7)
  2 acid dragons
  2 orc warriors
  3 ice beasts
  A sky beast (D:7)
  A necrophage (D:4)
  2 ogres (D:4)
  A centaur (D:10)
  A bullfrog (Lair:1)
  4 gnoll sergeants
  A water moccasin zombie (D:5)
  15 killer bees
  10 wights
  A howler monkey (D:9)
  A bullfrog zombie (D:7)
  3 centaur zombies
  A hound (D:5)
  3 orc priests
  2 iguanas
  A gnoll shaman (D:7)
  10 orc wizards
  2 howler monkey zombies
  30 gnolls
  5 adders
  A white imp (D:5)
  An ufetubus (D:5)
  An adder zombie (D:5)
  An adder skeleton (D:2)
  4 worms
  3 dart slugs
  16 orcs
  2 ball pythons
  6 bats
  5 endoplasms
  3 giant cockroaches
  7 goblins
  8 hobgoblins
  2 jackals (D:3)
  4 quokkas
  4 frilled lizards
  7 kobolds
  6 rats
204 creatures vanquished.

Vanquished Creatures (collateral kills)
  2 killer bees (Lair:1)
2 creatures vanquished.

Vanquished Creatures (others)
  An orc (D:8)
  A fungus (D:6)
  4 plants (D:4)
6 creatures vanquished.

Grand Total: 212 creatures vanquished

Notes
Turn   | Place    | Note
-------+----------+-------------------------------------------
     0 | D:1      | fragbeetle the Troll Berserker began the quest for the Orb.
     0 | D:1      | Reached XP level 1. HP: 22/22 MP: 0/0
   187 | D:1      | Found a faded altar of an unknown god.
   199 | D:1      | Reached skill level 3 in Maces & Flails
   216 | D:1      | Reached XP level 2. HP: 20/29 MP: 1/1
   224 | D:1      | Found Baeth's Distillery.
   934 | D:2      | Found Mourghuwn's Magic Scroll Emporium.
   942 | D:2      | Bought a scroll of identify for 20 gold pieces
  1005 | D:2      | Reached XP level 3. HP: 36/36 MP: 2/2
  1211 | D:2      | Found Jurchyc's General Store.
  1521 | D:2      | Found Xesamis's Antique Armour Shop.
  1788 | D:3      | Reached ** piety under Trog
  1902 | D:3      | Reached XP level 4. HP: 41/45 MP: 3/3
  1942 | D:3      | Found Hassoukh's Distillery.
  2005 | D:3      | Reached skill level 4 in Maces & Flails
  2693 | D:4      | Found a staircase to the Ecumenical Temple.
  2707 | Temple   | Entered the Ecumenical Temple
  2761 | D:4      | Noticed a necrophage
  2775 | D:4      | Killed a necrophage
  2776 | D:4      | Reached skill level 1 in Throwing
  2776 | D:4      | Reached XP level 5. HP: 53/53 MP: 4/4
  2844 | D:4      | Noticed an ogre
  2871 | D:4      | Killed an ogre
  2872 | D:4      | Reached XP level 6. HP: 61/61 MP: 5/5
  3085 | D:4      | Reached skill level 5 in Maces & Flails
  3135 | D:4      | Reached XP level 7. HP: 68/68 MP: 6/6
  3152 | D:4      | Identified the ring of Sicwassu {rPois rN++ Str+3}
  3308 | D:5      | Entered Level 5 of the Dungeon
  3744 | D:6      | Noticed Sigmund
  3744 | D:6      | Found Xijaital's Jewellery Boutique.
  3852 | D:6      | Reached *** piety under Trog
  3884 | D:6      | Noticed Eustachio
  3893 | D:6      | Killed Eustachio
  3894 | D:6      | Reached skill level 6 in Maces & Flails
  4068 | D:6      | Reached XP level 8. HP: 77/78 MP: 7/7
  4133 | D:6      | Found Winlaynk's Armour Emporium.
  4199 | D:6      | Noticed a two-headed ogre
  4205 | D:6      | Noticed a troll
  4287 | D:5      | Killed a troll
  4467 | D:6      | Killed Sigmund
  4495 | D:6      | Noticed a boulder beetle
  4623 | D:7      | Reached skill level 7 in Maces & Flails
  4677 | D:7      | HP: 3/79 [gnoll (11)]
  4803 | D:7      | Noticed Harold
  4820 | D:7      | HP: 3/79 [Harold (7)]
  4821 | D:7      | Killed Harold
  4822 | D:7      | Reached skill level 5 in Fighting
  4822 | D:7      | Reached skill level 5 in Dodging
  4822 | D:7      | Reached XP level 9. HP: 3/88 MP: 8/8
  5246 | D:7      | Noticed Menkaure
  5251 | D:7      | Killed Menkaure
  5252 | D:7      | Reached skill level 8 in Maces & Flails
  5322 | D:7      | Found a bloodstained altar of Trog.
  5323 | D:7      | Found a burning altar of Makhleb.
  5916 | D:8      | Reached skill level 5 in Throwing
  6302 | D:8      | Found a radiant altar of Vehumet.
  6316 | D:8      | Reached **** piety under Trog
  6594 | D:9      | Noticed a two-headed ogre
  6609 | D:9      | Reached XP level 10. HP: 98/98 MP: 9/9
  6639 | D:9      | Reached skill level 9 in Maces & Flails
  6658 | D:9      | Killed a two-headed ogre
  6659 | D:9      | Reached skill level 1 in Evocations
  7140 | D:9      | Noticed a two-headed ogre
  7148 | D:9      | Killed a two-headed ogre
  7149 | D:9      | Reached skill level 1 in Armour
  7229 | D:10     | Entered Level 10 of the Dungeon
  7689 | D:10     | Reached skill level 10 in Maces & Flails
  7710 | D:10     | Found a staircase to the Lair.
  7750 | Lair:1   | Entered Level 1 of the Lair of Beasts
  7842 | Lair:1   | Reached XP level 11. HP: 107/107 MP: 10/10
  7917 | Lair:1   | HP: 4/107 [killer bee (2)]
  7918 | Lair:1   | Gained mutation: Your mind is acute. (Int +2) [potion of
                  | mutation]
  7918 | Lair:1   | Slain by a killer bee

Illustrated notes

Levels and vault maps discovered:
D:1:      giann_bridges, layout_basic, serial_shops, shop_fountains,
          hellmonk_ecumenical_altar_arch_garden
D:2:      layout_basic, serial_shops, nicolae_diamond_shop, shop, shop
D:3:      layout_loops_corners, serial_shops, nicolae_shop_window_shopping,
          minmay_goblin_outpost
D:4:      layout_rooms, minmay_temple_entry_slanted, serial_bayou,
          serial_bayou_pond_d, serial_bayou_lagoon_a, serial_bayou_shore_b,
          serial_bayou_pond_b
D:5:      layout_rooms, chequers_serial_rivers_room_b
D:6:      layout_gridville, serial_shops, shop_fountains,
          nicolae_shop_bloodbath_and_beyond, nicolae_stop_n_shop_1,
          nicolae_shop_crystal, nicolae_shop_statue_plus,
          minmay_manual_macuahuitl, uniq_eustachio, uniq_crazy_yiuf_cottage,
          uniq_sigmund
D:7:      layout_basic, gammafunk_temple_overflow_statue, uniq_harold,
          uniq_menkaure
D:8:      layout_loops_ring, fiery_altar_vehumet
D:9:      layout_roguey, hive_lemuel
D:10:     layout_cave_pools, lair_entry_dummy
Temple:   mainiacjoe_temple_bowtie_tessellation
Lair:1:   layout_hall_layers, special_room [special_room_bee], enter_volcano_3,
          serial_bayou_ford_a

Skill      XL: |  1  2  3  4  5  6  7  8  9 10 |
---------------+-------------------------------+-----
Maces & Flails | 3 4 5 6 7 8 10 | 10.2
Fighting       | 3 4 5 6 |  6.8
Dodging        | 3 4 5 6 |  6.8
Throwing       | 1 2 4 5 6 |  6.4
Evocations     | 2 |  2.9
Armour         | 2 |  2.4

Action                   |  1- 3 |  4- 6 |  7- 9 | 10-12 || total
-------------------------+-------+-------+-------+-------++-------
Melee: Mace              |    66 |       |       |       ||    66
       Whip              |    51 |    77 |   218 |   151 ||   497
Throw: Boomerang         |     2 |    18 |    46 |    59 ||   125
       Javelin           |       |       |     2 |       ||     2
Invok: Berserk           |     1 |     2 |     5 |     1 ||     9
       Trog's Hand       |       |       |     2 |     2 ||     4
       Brothers in Arms  |       |       |       |     3 ||     3
Evoke: Wand              |       |       |     2 |     1 ||     3
  Use: Scroll            |       |       |     1 |     8 ||     9
       Potion            |       |       |       |     1 ||     1
Armor: Animal skin       |    40 |    12 |    25 |     1 ||    78
       Acid dragon scale |       |       |       |    39 ||    39
Dodge: Dodged            |    72 |    41 |   109 |   109 ||   331

Table legend: (Time is in decaauts)
 A = Elapsed time spent in this place.
 B = Non-inter-level travel time spent in this place.
 C = Inter-level travel time spent in this place.
 D = Time resting spent in this place.
 E = Time spent auto-exploring this place.
 F = Levels seen in this place.
 G = Mean time per level.
                   A        B        C        D        E       F      G
               +--------+--------+--------+--------+--------+-----+--------+
         Total |   7910 |   7722 |    188 |    417 |   4367 |  12 |  659.2 |
       Dungeon |   7758 |   7570 |    188 |    417 |   4367 |  10 |  775.8 |
        Temple |      3 |      3 |      0 |      0 |      0 |   1 |    3.0 |
          Lair |    148 |    148 |      0 |      0 |      0 |   1 |  148.0 |
               +--------+--------+--------+--------+--------+-----+--------+

Top non-repeatable levels by time:
     D:3: 1021 daAuts
     D:7: 970 daAuts
     D:2: 893 daAuts
     D:8: 883 daAuts
     D:9: 813 daAuts
     D:4: 723 daAuts
     D:1: 717 daAuts
     D:6: 694 daAuts
     D:5: 574 daAuts
    D:10: 466 daAuts
  Lair:1: 148 daAuts
  Temple: 3 daAuts
